woodfighter, chaotic female orcish Cavewoman --------- |........##### --------------- |.......| ##|..............+ |........#####|..............| |.......| ####................# -------|- # |..........*...|# #### ---------+------# ## # # ## ### # ### # ######### -----.-# #%# # |.....|# % # |...<..### ###### # |.....|# # -.------###M####### |.....+ ###|......|# ## ------- #....%..|# |......|# --------# woodfighter the Cave Woman Experience level: 11 Strength: 18/05 Dexterity: 18 Constitution: 16 Intelligence: 11 Wisdom: 11 Charisma: 6 Health: 0(94) Energy: 26(26) Def: 21 Gold: 0 Moves: 19743 Dungeon seed: xUxbq1B5f3zM8C3f Game ID: woodfighter_1488012219 Your Inventory: Amulets M - an uncursed amulet of reflection (being worn) Weapons a - a +1 club (weapon in hand) H - 5 +0 dwarvish spears (in quiver) Armor e - an uncursed +0 elven shield (being worn) f - an uncursed +0 pair of leather gloves (being worn) g - a blessed +5 cloak of displacement (being worn) N - an uncursed +0 pair of gauntlets of dexterity P - an uncursed +0 helm of brilliance (being worn) S - an uncursed +2 dwarvish mithril-coat (being worn) Y - an uncursed thoroughly rusty very corroded +1 pair of iron shoes (being worn) Comestibles h - an uncursed K-ration Q - 5 uncursed food rations Z - an uncursed lizard corpse Potions U - an uncursed potion of gain ability Rings B - an uncursed ring of free action (on right hand) Wands d - a wand of digging (0:4) v - a wand of fire (0:5) C - a wand of polymorph (0:4) E - a wand of teleportation (0:3) V - a wand of create monster (0:15) Tools q - a +0 unicorn horn s - a blessed bag of holding y - an uncursed skeleton key z - an uncursed stethoscope W - an uncursed towel Gems o - an uncursed luckstone Contents of the bag of holding: 4078 gold pieces an uncursed burnt +0 mummy wrapping a [uncursed] [+0] pair of elven boots 2 uncursed lizard corpses 2 uncursed sprigs of wolfsbane a [uncursed] scroll of create monster 12 [uncursed] scrolls of fire 2 [blessed] scrolls of fire 2 [cursed] scrolls of fire a [uncursed] scroll of light a [blessed] scroll of light a [blessed] scroll of teleportation 2 [uncursed] scrolls of teleportation 2 [uncursed] potions of extra healing a [blessed] potion of extra healing a [blessed] potion of full healing a [uncursed] potion of gain level a [uncursed] potion of object detection a [cursed] potion of speed an uncursed ring of conflict an uncursed ring of fire resistance a [uncursed] ring of fire resistance a [cursed] ring of fire resistance a [uncursed] ring of fire resistance a [uncursed] ring of fire resistance a [uncursed] ring of fire resistance a [uncursed] ring of fire resistance a [uncursed] ring of fire resistance a [uncursed] ring of fire resistance a [uncursed] ring of fire resistance a [uncursed] ring of fire resistance a [uncursed] ring of fire resistance a [uncursed] ring of fire resistance a [cursed] ring of fire resistance a [cursed] ring of fire resistance a [uncursed] ring of fire resistance a [uncursed] ring of fire resistance a [uncursed] ring of fire resistance a [uncursed] ring of fire resistance a [uncursed] ring of fire resistance a [uncursed] ring of fire resistance a [cursed] wand of digging [0:3] a [uncursed] wand of make invisible [0:7] a [uncursed] wand of make invisible [0:6] a [uncursed] wand of make invisible [0:6] a [uncursed] wand of teleportation [0:6] an uncursed [+0] pick-axe Spells and supernatural/magical abilities: Name Level Category Fail Memory W - pray for help -- divine ? -- Your skills at the end: Miscellaneous Skills bare handed combat [Basic] shield [Basic] stealth [Basic] Weapon Skills scimitar [Basic] club [Expert] spear [Basic] sling [Basic] Spellcasting Skills Final Attributes: You were piously aligned. You were fire resistant. You were cold resistant. You were shock resistant. You were poison resistant. Your writing hand was ok. You were telepathic. You had infravision. You were invisible. You were displaced. You were somewhat stealthy. You were protected. You had reflection. You had free action. You were lucky. You had extra luck. Bad luck did not time out for you. Good luck did not time out for you. You are dead. Vanquished creatures: 3 elder red dragons 2 red dragons a young blue dragon 28 baby red dragons a black pudding a queen bee 2 giant mimics a doppelganger 2 large mimics a baby long worm 3 couatls a fire elemental 2 black nagas an elf-lord a quantum mechanic 2 small mimics a warhorse 2 xans 2 trolls a large dog a freezing sphere a flaming sphere 3 gargoyles 3 tengu 2 chameleons a leocrotta 8 Grey-elves 2 pit vipers a wraith a soldier 5 giant beetles 2 wolves 2 winter wolf cubs a black light a lynx a panther 3 leprechauns 3 quivering blobs 3 spotted jellies 3 lizards a giant spider a horse a vampire bat 3 gnome kings an orc mummy a dwarf mummy a brown pudding 6 Green-elves a rust monster 2 owlbears 3 yetis a gold golem a werewolf 5 piranhas 2 dingos 2 housecats 4 jaguars 2 dwarf lords 3 blue jellies a white unicorn 2 dust vortices a raven 2 plains centaurs a gnome mummy a Woodland-elf a snake 4 apes 2 human zombies 6 soldier ants 5 yellow lights 2 bugbears 2 imps a baby crocodile 3 wood nymphs an Uruk-hai 2 orc shamans 2 rock moles a rock piercer a pony 2 fog clouds 2 shriekers a violet fungus 14 gnome lords 10 gnomish wizards 2 kobold mummies 4 red naga hatchlings a golden naga hatchling a guardian naga hatchling 2 gray oozes 2 barrow wights 6 elf zombies a ghoul 2 straw golems 2 paper golems 10 giant ants a puppy 7 floating eyes 3 kittens 13 dwarves 2 homunculi 4 kobold lords 4 kobold shamans 10 iguanas 5 hill orcs 3 rothes a centipede 6 jitterbugs 2 giant bats 3 orc zombies a dwarf zombie 3 wererats a werejackal 42 killer bees 12 coyotes 2 gas spores 5 hobbits 7 acid blobs 2 large kobolds 8 geckos 6 hobgoblins 17 giant rats 3 cave spiders 6 yellow molds 3 green molds 3 red molds 55 gnomes 4 garter snakes 4 manes 3 gnome zombies 8 jackals 3 foxes 2 kobolds 13 newts 6 sewer rats 2 grid bugs 2 bats 10 lichens a kobold zombie 547 creatures vanquished. Voluntary challenges: You used a wielded weapon 1225 times, starting on turn 201. You did not use plumbed fixtures. You read items or engraved 9 times, starting on turn 3711. You never genocided any monsters. You never polymorphed an object. You never changed form. You completed Sokoban on turn 6066, according to the rules. You used no wishes. You never split a pudding. You never wrote Elbereth's name. You violated your moral code, losing 1 point of alignment, starting on turn 11388. Dungeon overview: The Dungeons of Doom: levels 1 to 20 Level 1 a long staircase Level 2 ( ) a hardware shop, a sink stairs to The Gnomish Mines Level 3 a general store Level 4 an altar to Anu Level 5 (water) Level 6 many fountains Level 7 (vault) stairs to Sokoban Level 8 a fountain Level 9 Level 10 (water) Level 11 Level 12 (quest) a temple to Ishtar, a fountain portal to The Quest Level 13 some fountains, a sink Level 14 an altar to Anshar Level 15 (rogue) Level 16 a hardware shop, an altar to Anu Level 17 (vault) a fountain Level 18 (dragon hall red) Level 19 (dragon hall green) Level 20 <- You were here The Gnomish Mines: levels 3 to 10 Level 3 stairs to The Dungeons of Doom Level 4 Level 5 (white uni) Level 6 many shops, a temple to Anu, a magic chest, some fountains Level 7 Level 8 Level 9 Level 10 many altars to Moloch, a magic chest, some fountains The Quest: Level 1 portal to The Dungeons of Doom Sokoban: levels 3 to 6 Level 3 a magic chest Level 4 Level 5 Level 6 an altar to Ishtar, a magic chest stairs to The Dungeons of Doom History has recorded: On T:1 you entered the Dungeons of Doom to retrieve the Amulet of Yendor! On T:364 you reached level 2 of The Dungeons of Doom. On T:415 you advanced to experience level 2. On T:444 you reached level 1 of The Gnomish Mines. On T:569 you reached level 3 of The Dungeons of Doom. On T:1088 you reached level 4 of The Dungeons of Doom. On T:1370 you reached level 5 of The Dungeons of Doom. On T:1702 you reached level 6 of The Dungeons of Doom. On T:1796 you advanced to experience level 3. On T:1948 you advanced to experience level 4. On T:1992 you reached level 9 of The Dungeons of Doom. On T:2039 you advanced to experience level 5. On T:2075 you reached level 10 of The Dungeons of Doom. On T:2348 you reached level 8 of The Dungeons of Doom. On T:2652 you prayed to Anshar. On T:2756 you reached level 7 of The Dungeons of Doom. On T:3008 you reached level 4 of Sokoban. On T:3114 you opened a magic chest. On T:3290 you advanced to experience level 6. On T:3407 you reached level 3 of Sokoban. On T:3874 you prayed to Anshar. On T:4170 you advanced to experience level 7. On T:4666 you reached level 2 of Sokoban. On T:5191 you reached level 1 of Sokoban. On T:6066 you advanced to experience level 8. On T:6066 you entered the Sokoban zoo. On T:6481 you prayed to Anshar. On T:7190 you reached level 2 of The Gnomish Mines. On T:7462 you reached level 3 of The Gnomish Mines. On T:8014 you reached level 4 of The Gnomish Mines. On T:8430 you entered the Minetown temple On T:8865 you reached level 5 of The Gnomish Mines. On T:9007 you advanced to experience level 9. On T:9293 you reached level 6 of The Gnomish Mines. On T:9365 you reached level 8 of The Gnomish Mines. On T:9365 you reached the bottom of the Mines. On T:10195 you reached level 7 of The Gnomish Mines. On T:12279 you reached level 11 of The Dungeons of Doom. On T:12603 you reached level 12 of The Dungeons of Doom. On T:12946 you reached level 1 of The Quest. On T:13049 you reached level 13 of The Dungeons of Doom. On T:13343 you reached level 14 of The Dungeons of Doom. On T:13430 you advanced to experience level 10. On T:13914 you reached level 15 of The Dungeons of Doom. On T:13914 you entered the Rogue tribute level. On T:14381 you reached level 17 of The Dungeons of Doom. On T:14401 you reached level 16 of The Dungeons of Doom. On T:14557 you advanced to experience level 11. On T:14733 you prayed to Anshar. On T:15561 you reached level 18 of The Dungeons of Doom. On T:15630 you prayed to Anshar. On T:15787 you reached level 19 of The Dungeons of Doom. On T:18965 you advanced to experience level 11. On T:19239 you reached level 20 of The Dungeons of Doom. Score breakdown: Gold: 4078 ( 407 points) Experience: 11 levels ( 1000 points) Exploration: 20 levels ( 570 points) Discoveries: 61 items ( 2000 points) Variety of kills: 138 monsters ( 2000 points) Major goal: Sokoban/Mines ( 1500 points) Survival: died (score multiplied by 3) Total score: 22431 Latest messages: You stop searching. You hit the gray unicorn! The gray unicorn misses. (4x) You hit the gray unicorn! The gray unicorn misses. (2x) The gray unicorn butts! The gray unicorn misses. You hit the gray unicorn! The gray unicorn turns to flee! The homunculus bumps right into you! You stop exploring. You hit the giant mummy! The giant mummy scratches you! (2x) You hit the giant mummy! The giant mummy scratches you! The giant mummy misses. Status of the giant mummy (chaotic): Level 10 HP 43(60) Def 7. You hit the giant mummy! The giant mummy scratches you! (2x) You hit the giant mummy! The giant mummy scratches you! (2x) The giant mummy misses. The giant mummy scratches you! You die... Your body rises from the dead as an orc mummy... Final status: Goodbye woodfighter the Cavewoman, killed by a giant mummy... You died in The Dungeons of Doom on dungeon level 20 with 22431 points, and 4078 pieces of gold, after 19743 moves. You were level 11 with a maximum of 94 hit points when you died.